 Dungeon Crawl Stone Soup version 0.21.1-1-g345015fe64 (webtiles) character file.

237301 Lentor the Executioner (level 18, -40/182 HPs)
             Began as a Minotaur Berserker on June 23, 2018.
             Was a High Priest of Trog.
             Annihilated by a titanic slime creature (78 damage)
             ... on level 2 of the Pits of Slime.
             The game lasted 01:58:43 (37168 turns).

Lentor the Executioner (Minotaur Berserker)        Turns: 37168, Time: 01:58:44

Health: -40/182    AC: 29    Str: 33    XL:     18   Next: 53%
Magic:  5/5        EV: 10    Int:  4    God:    Trog [*****.]
Gold:   2824       SH:  0    Dex:  4    Spells: 17/17 levels left

rFire    . . .     SeeInvis .   H - +9 battleaxe (antimagic)
rCold    . . .     Gourm    .   (shield currently unavailable)
rNeg     . . .     Faith    .   n - +1 plate armour of the Queen {Str+2 Dex-3 Stlth+}
rPois    .         Spirit   .   T - +2 hat
rElec    .         Reflect  .   W - scarf {cloud immunity}
rCorr    +         Harm     .   w - +2 pair of gloves
MR       ++...     Rnd*Rage +   l - +2 pair of boots
Stlth    ..........             E - amulet of regeneration
HPRegen  0.80/turn              m - ring of protection from magic
MPRegen  0.09/turn              j - ring of resist corrosion

@: confused, hasted, very quick
A: retaliatory headbutt, horns 2, berserk 1, clumsy 1, wild magic 1
}: 2/15 runes: barnacled, gossamer
a: Berserk, Trog's Hand, Brothers in Arms, Burn Spellbooks, Renounce Religion


You were on level 2 of the Pits of Slime.
You worshipped Trog.
Trog was extremely pleased with you.
You were not hungry.

You visited 7 branches of the dungeon, and saw 34 of its levels.
You also visited: Ice Cave.

You collected 3161 gold pieces.
You spent 337 gold pieces at shops.

Inventory:

Hand Weapons
 r - a +4 battleaxe of flaming
 H - a +9 antimagic battleaxe (weapon)
Armour
 l - a +2 pair of boots (worn)
 n - the +1 plate armour of the Queen (worn) {Str+2 Dex-3 Stlth+}
   (You acquired it on level 4 of the Shoals)

   It affects your strength (+2).
   It affects your dexterity (-3).
   It makes you more stealthy.
 w - a +2 pair of gloves (worn)
 D - a +2 chain mail of fire resistance
 T - a +2 hat (worn)
 W - a scarf of cloud immunity (worn)
Jewellery
 b - an uncursed ring of positive energy
 j - a ring of resist corrosion (right hand)
 m - a ring of protection from magic (left hand)
 p - an uncursed ring of protection from cold
 v - an uncursed ring of protection from fire
 C - a +4 ring of slaying
 E - an amulet of regeneration (around neck)
 J - an uncursed ring of protection from fire
 S - an uncursed ring of flight
 X - an uncursed ring of poison resistance
 Y - an uncursed ring of ice
Wands
 k - a wand of acid (37)
 q - a wand of iceblast (11)
 z - a wand of disintegration (8)
 A - a wand of polymorph (57)
 B - a wand of paralysis (50)
 K - a wand of flame (30)
 R - a wand of random effects (42)
 V - a wand of digging (11)
Scrolls
 d - 3 scrolls of fear
 g - 13 scrolls of remove curse
 s - 4 scrolls of teleportation
 u - a scroll of brand weapon
 y - 4 scrolls of fog
 M - 5 scrolls of identify
 Q - 6 scrolls of blinking
 U - a scroll of magic mapping
Potions
 e - 6 potions of might
 f - 13 potions of curing
 h - 5 potions of brilliance
 o - a potion of magic
 t - a potion of heal wounds
 x - 4 potions of lignification
 F - 2 potions of invisibility
 G - 7 potions of flight
 I - 2 potions of resistance
 P - 4 potions of ambrosia
Books
 O - a book of the Earth

   Spells                             Type                      Level
   a - Leda's Liquefaction            Hexes/Earth                  4
   b - Bolt of Magma                  Conjuration/Fire/Earth       5
   c - Statue Form                    Transmutation/Earth          6
   d - Iron Shot                      Conjuration/Earth            6
   e - Shatter                        Earth                        9
   Trog disapproves of the use of such an item.
Miscellaneous
 N - 2 phantom mirrors
Comestibles
 c - 20 rations


   Skills:
 + Level 21.2 Fighting
 + Level 23.5 Axes
 + Level 19.3 Armour
 + Level 7.7 Dodging


You had 17 spell levels left.
You didn't know any spells.

Dungeon Overview and Level Annotations

Branches:
Dungeon (15/15)            Temple (1/1) D:6            Lair (6/6) D:10
 Shoals (4/4) Lair:2       Spider (4/4) Lair:4        Slime (2/5) Lair:5
    Orc (2/2) D:10            Elf (0/3) Orc:2        Vaults (0/5) D:14
 Depths (0/5) D:15

Altars:
Ashenzari
Cheibriados
Dithmenos
Elyvilon
Fedhas
Gozag
Hepliaklqana
Kikubaaqudgha
Makhleb
Nemelex Xobeh
Okawaru
Qazlal
Ru
Sif Muna
Trog
Uskayaw
Vehumet
Wu Jian
Xom
Yredelemnul
Zin
The Shining One
Jiyva

Shops:
D:7 ?   D:8 !   D:11 =   Orc:2 [*=(   Shoals:3 ?

Portals:
Trove: D:15 (give 8 scrolls of blinking)


Innate Abilities, Weirdness & Mutations

You reflexively headbutt those who attack you in melee.
You have a pair of horns on your head.
You tend to lose your temper in combat.
You are clumsy. (Dex -2)
Your spells are a little harder to cast, but a little more powerful.


Message History

The golden eye blinks at you. You resist with almost no effort.
The slime creature barely misses you. The golden eye blinks at you.
You resist with almost no effort.
You feel much better.
The golden eye blinks!
The golden eye is sucked into a shaft!
The shaft crumbles and collapses.
The titanic slime creature completely misses you.
The golden eye blinks at you. You resist with some effort.
The golden eye blinks at you.
You easily resist.
The golden eye blinks!
The large slime creature hits you!! The large slime creature hits you!
* * * LOW HITPOINT WARNING * * *
The slime creature hits you but does no damage.
The large slime creature hits you!
* * * LOW HITPOINT WARNING * * *
You feel yourself speed up. The golden eye blinks at you.
You resist with almost no effort. The titanic slime creature hits you!!!!
You die...

.....###...............##
......#.................##
.............#..#........#
.##.....................##
##......................##
#.........................#
.........#............G.....
#................G....###..#
##.............J@J......# ..
##.#.###....>.JJJG....... .
##### ##......JG........
.#....J..........
...........ยง.....
..G.............
..........#....
...<.........#.


You could see a titanic slime creature, 3 large slime creatures, 3 slime
creatures, a shining eye and 4 golden eyes.

Vanquished Creatures
  Rupert (D:15)
  5 acid blobs
  The ghost of cokecookie the Severer, an adept MiBe of Trog (Spider:4)
  Kirke (Lair:4)
  3 azure jellies
  A frost giant (Shoals:4)
  Ilsuiw (Shoals:4)
  4 ghost moths
  Aizul (Spider:1)
  8 emperor scorpions
  An angel (D:4)
  2 entropy weavers
  The ghost of Kholdaimon the Severer, a journeyman MiFi of the Shining One (D:13)
  Nessos (Orc:2)
  A spark wasp (Spider:4)
  10 merfolk javelineers
  11 merfolk impalers
  2 great orbs of eyes (Slime:2)
  A rakshasa (D:15)
  8 hydras
  An alligator snapping turtle (Shoals:2)
  4 merfolk aquamancers
  A merfolk avatar (Shoals:1)
  A satyr (Shoals:4)
  7 two-headed ogres
  A tengu warrior (Shoals:3)
  4 centaur warriors
  An ogre mage (D:14)
  3 death yaks
  A fire crab (shapeshifter) (D:15)
  3 skeletal warriors (D:14)
  A glowing orange brain (D:15)
  9 sea snakes
  4 unseen horrors
  A kraken simulacrum (Shoals:4)
  Pikel (D:6)
  2 orc knights (Orc:2)
  A deep elf mage (D:13)
  4 harpies (Shoals:1)
  4 orc sorcerers
  11 manticores
  8 ugly things
  8 orb spiders
  8 fauns
  40 slime creatures
  24 wolf spiders
  6 elephants (Lair:6)
  A salamander (shapeshifter) (D:15)
  6 cyclopes
  A molten gargoyle (Orc:1)
  3 black mambas
  The ghost of kaisn the Archer, a novice CeHu (D:4)
  5 merfolk sirens
  3 water nymphs
  2 torpor snails
  13 spiny frogs
  4 rime drakes
  An efreet (D:12)
  7 komodo dragons
  A kobold demonologist (D:12)
  A freezing wraith (D:14)
  11 demonic crawlers
  A yaktaur (shapeshifter) (D:14)
  A troll (shapeshifter) (D:15)
  12 polar bears
  A tengu conjurer (Shoals:3)
  6 wind drakes
  A queen bee (Spider:1)
  9 trolls
  30 merfolk
  35 jumping spiders
  Grinder (D:4)
  15 hornets
  4 blink frogs (Lair:2)
  Prince Ribbit (D:5)
  9 dream sheep
  17 hippogriffs
  6 snapping turtles
  12 spriggans
  9 water elementals
  A wraith (D:10)
  3 wyverns
  Sigmund (D:4)
  16 tarantellas
  A vampire (D:12)
  2 shadows
  A fire elemental (Orc:1)
  A hog (Lair:4)
  3 basilisks
  50 redbacks
  77 yaks
  A human (shapeshifter) (D:14)
  The ghost of aloneDruid the Shield-Bearer, an amateur BaFi (D:3)
  A golden eye (Slime:2)
  A steam dragon (D:11)
  Menkaure (D:5)
  2 wargs (Orc:1)
  A soldier ant (shapeshifter) (D:15)
  12 porcupines
  6 sky beasts
  14 water moccasins
  17 orc warriors
  2 eyes of draining
  9 ice beasts
  3 slaves (D:6)
  6 black bears
  7 ogres
  A necrophage (D:10)
  4 boggarts (Lair:6)
  4 phantoms
  28 wolves
  7 centaurs
  12 crocodiles
  A big kobold (D:8)
  2 gnoll sergeants
  25 bullfrogs
  A wyvern zombie (D:12)
  A wyvern skeleton (D:14)
  3 scorpions
  7 killer bees (Spider:1)
  7 wights
  5 electric eels
  5 howler monkeys
  9 crimson imps
  2 centaur zombies
  A quasit (D:11)
  A bullfrog zombie (D:12)
  18 orc priests
  A bullfrog skeleton (D:11)
  6 hounds
  11 jellies
  2 centaur skeletons
  22 orc wizards
  8 iguanas
  4 worker ants
  Robin (D:4)
  A howler monkey skeleton (D:7)
  9 gnolls
  14 adders
  3 shadow imps
  An ooze (D:1)
  An adder zombie (D:8)
  2 adder skeletons
  9 worms
  4 dart slugs
  7 leopard geckos
  80 orcs
  3 giant cockroaches
  16 goblins
  9 hobgoblins
  5 jackals
  13 kobolds
  4 quokkas
  4 bats
  9 frilled lizards
  A leopard gecko skeleton (D:6)
  8 rats
  A bush (D:14)
  3 fungi (Lair:2)
  27 plants
  A tentacle (Shoals:4)
1127 creatures vanquished.

Vanquished Creatures (collateral kills)
  Arachne (Spider:2)
  An acid blob (Slime:2)
  A frost giant (IceCv)
  A ghost moth (Spider:3)
  Harold (Lair:4)
  A centaur warrior (D:14)
  3 death yaks
  A two-headed ogre (D:8)
  3 orc high priests (Orc:2)
  Sonja (D:15)
  3 spriggans (Lair:6)
  7 slime creatures
  2 orc knights (Orc:2)
  An orc sorcerer (Orc:2)
  An orb spider (shapeshifter) (D:14)
  11 orb spiders
  A wolf spider (Spider:2)
  A manticore (Shoals:2)
  An ice statue (IceCv)
  A centaur skeleton (D:14)
  An efreet (D:14)
  3 hornets (Lair:6)
  5 jumping spiders
  9 redbacks
  2 yaks
  A tarantella (Spider:3)
  3 orc warriors (Orc:2)
  2 eyes of draining (Slime:2)
  2 wolves (Lair:6)
  2 centaurs (D:14)
  An orc wizard (Orc:2)
74 creatures vanquished.

Vanquished Creatures (others)
  A ghost moth (Spider:3)
  A wolf spider (Spider:2)
  2 redbacks
  2 fungi
  7 plants
  4 tentacles (Shoals:4)
17 creatures vanquished.

Grand Total: 1218 creatures vanquished

Notes
Turn   | Place    | Note
-------+----------+-------------------------------------------
     0 | D:1      | Lentor the Minotaur Berserker began the quest for the Orb.
     0 | D:1      | Reached XP level 1. HP: 19/19 MP: 0/0
   558 | D:1      | Reached XP level 2. HP: 23/27 MP: 1/1
   571 | D:1      | Reached skill level 4 in Axes
   737 | D:1      | Reached XP level 3. HP: 30/33 MP: 2/2
   950 | D:2      | Found an ancient bone altar of Kikubaaqudgha.
   992 | D:2      | Reached ** piety under Trog
  1080 | D:2      | Noticed a phantom
  1096 | D:2      | Killed a phantom
  1096 | D:2      | Reached skill level 5 in Axes
  1096 | D:2      | Reached XP level 4. HP: 41/41 MP: 3/3
  1232 | D:2      | Reached XP level 5. HP: 47/47 MP: 4/4
  1611 | D:3      | Reached skill level 5 in Fighting
  1776 | D:3      | Noticed aloneDruid's ghost (amateur BaFi)
  1781 | D:3      | Killed aloneDruid's ghost
  1781 | D:3      | Reached skill level 6 in Axes
  1781 | D:3      | Reached XP level 6. HP: 56/56 MP: 5/5
  1954 | D:3      | Reached *** piety under Trog
  2140 | D:3      | Found a burning altar of Makhleb.
  2141 | D:3      | Found a shadowy altar of Dithmenos.
  2498 | D:4      | Noticed Sigmund
  2509 | D:4      | Killed Sigmund
  2509 | D:4      | Reached skill level 7 in Axes
  2509 | D:4      | Reached XP level 7. HP: 44/61 MP: 6/6
  2731 | D:4      | Noticed kaisn's ghost (novice CeHu)
  2740 | D:4      | Killed kaisn's ghost
  2740 | D:4      | Reached skill level 8 in Axes
  2740 | D:4      | Reached skill level 5 in Armour
  2740 | D:4      | Reached XP level 8. HP: 70/70 MP: 7/7
  2860 | D:4      | Noticed Grinder
  2865 | D:4      | Paralysed by Grinder for 4 turns
  2870 | D:4      | Killed Grinder
  2938 | D:4      | Reached skill level 9 in Axes
  3028 | D:4      | Noticed Robin
  3051 | D:4      | Killed Robin
  3083 | D:4      | Found a white marble altar of Elyvilon.
  3083 | D:4      | Found a runed door.
  3083 | D:4      | Noticed an angel
  3166 | D:4      | Received a gift from Trog
  3266 | D:5      | Entered Level 5 of the Dungeon
  3315 | D:5      | Noticed Prince Ribbit
  3331 | D:5      | Killed Prince Ribbit
  3331 | D:5      | Reached skill level 10 in Axes
  3514 | D:5      | Noticed Menkaure
  3518 | D:5      | Killed Menkaure
  3518 | D:5      | Reached XP level 9. HP: 79/79 MP: 8/8
  3806 | D:5      | Found a shadowy altar of Dithmenos.
  3810 | D:5      | Reached **** piety under Trog
  4233 | D:6      | Noticed Pikel
  4243 | D:6      | Reached skill level 11 in Axes
  4247 | D:6      | Killed Pikel
  4247 | D:6      | Reached skill level 5 in Dodging
  4326 | D:6      | Found a radiant altar of Vehumet.
  4379 | D:6      | Found a staircase to the Ecumenical Temple.
  4393 | Temple   | Entered the Ecumenical Temple
  4815 | D:6      | Found a snail-covered altar of Cheibriados.
  5051 | D:7      | Noticed a five-headed hydra
  5052 | D:7      | Found a transporter.
  5061 | D:7      | Found a transporter.
  5070 | D:7      | Found a glowing golden altar of the Shining One.
  5114 | D:7      | Reached skill level 12 in Axes
  5324 | D:7      | Found Lanta's Magic Scroll Shop.
  6055 | D:8      | Reached XP level 10. HP: 86/90 MP: 9/9
  6359 | D:8      | Noticed a two-headed ogre
  6368 | D:8      | Killed a two-headed ogre
  6725 | D:8      | Found Pullac's Distillery.
  6933 | D:9      | Reached skill level 13 in Axes
  7279 | D:9      | Noticed a two-headed ogre
  7284 | D:9      | Reached ***** piety under Trog
  7288 | D:9      | Killed a two-headed ogre
  7313 | D:9      | Reached skill level 14 in Axes
  7722 | D:9      | Found a shimmering altar of Xom.
  7936 | D:10     | Entered Level 10 of the Dungeon
  8168 | D:10     | Reached skill level 10 in Fighting
  8168 | D:10     | Reached XP level 11. HP: 97/99 MP: 10/10
  8500 | D:10     | Found a staircase to the Lair.
  8664 | D:10     | Found a staircase to the Orcish Mines.
  8863 | Lair:1   | Entered Level 1 of the Lair of Beasts
  9028 | Lair:1   | Reached skill level 10 in Armour
  9205 | Lair:1   | Reached skill level 15 in Axes
  9430 | Lair:1   | Identified 3 scrolls of acquirement
  9966 | Lair:2   | Noticed a four-headed hydra
  9974 | Lair:2   | Killed a one-headed hydra
 10341 | Lair:2   | Received a gift from Trog
 10341 | Lair:2   | Reached skill level 16 in Axes
 10546 | Lair:2   | Reached XP level 12. HP: 104/109 MP: 11/11
 10985 | Lair:2   | Found a staircase to the Shoals.
 11566 | Lair:3   | Reached skill level 17 in Axes
 12279 | Lair:4   | Received a gift from Trog
 12340 | Lair:4   | Found a hole to the Spider Nest.
 12346 | Lair:4   | Noticed Harold
 12350 | Lair:4   | Killed Harold
 12431 | Lair:4   | Noticed Kirke
 12440 | Lair:4   | Killed Kirke
 12865 | Lair:2   | Gained mutation: You tend to lose your temper in combat. [potion of mutation]
 12865 | Lair:2   | Gained mutation: You are clumsy. (Dex -2) [potion of mutation]
 12865 | Lair:2   | Gained mutation: Your spells are a little harder to cast, but a little more powerful. [potion of mutation]
 13260 | Lair:5   | Noticed an eight-headed hydra
 13265 | Lair:5   | Killed a six-headed hydra
 13265 | Lair:5   | Reached XP level 13. HP: 111/118 MP: 3/12
 13864 | Lair:5   | Found a viscous altar of Jiyva.
 13865 | Lair:5   | Found a staircase to the Slime Pits.
 14027 | Lair:6   | Entered Level 6 of the Lair of Beasts
 14035 | Lair:6   | Reached skill level 18 in Axes
 14761 | Lair:6   | Reached skill level 19 in Axes
 14931 | Lair:6   | Received a gift from Trog
 15022 | Lair:6   | Paralysed by a hornet for 1 turns
 15102 | Lair:6   | Reached XP level 14. HP: 131/131 MP: 4/13
 16306 | Orc:1    | Entered Level 1 of the Orcish Mines
 16930 | Orc:2    | Entered Level 2 of the Orcish Mines
 17010 | Orc:2    | Found a staircase to the Elven Halls.
 17012 | Orc:2    | Found a radiant altar of Vehumet.
 17036 | Orc:2    | Noticed Nessos
 17047 | Orc:2    | Killed Nessos
 17247 | Orc:2    | Found Ryxipoc's Antique Weapon Shoppe.
 17672 | Orc:2    | Reached skill level 15 in Fighting
 17680 | Orc:2    | Found Tupsifoji's Jewellery Shop.
 17685 | Orc:2    | Received a gift from Trog
 17777 | Orc:2    | Found Jausmomu's Assorted Antiques.
 17778 | Orc:2    | Found Solum's Armour Shoppe.
 18086 | Orc:2    | Found a deep blue altar of Sif Muna.
 18132 | Orc:2    | Identified Sif Muna's Collected Works on Harmful Poisoning
 18932 | D:11     | Found Cyschepp's Jewellery Shoppe.
 19387 | D:12     | Reached skill level 20 in Axes
 19439 | D:12     | Received a gift from Trog
 19807 | D:13     | Noticed Kholdaimon's ghost (journeyman MiFi)
 19815 | D:13     | Killed Kholdaimon's ghost
 19963 | D:13     | Found a frozen archway.
 19987 | IceCv    | Entered an ice cave
 20188 | IceCv    | Reached skill level 15 in Armour
 20341 | IceCv    | Reached XP level 15. HP: 142/142 MP: 4/14
 20424 | IceCv    | Noticed a frost giant
 20430 | IceCv    | Killed a frost giant
 21434 | D:14     | Received a gift from Trog
 21935 | D:14     | Found a gate to the Vaults.
 22228 | D:7      | Bought a scroll of blinking for 120 gold pieces
 22228 | D:7      | Bought a scroll of enchant weapon for 120 gold pieces
 22363 | D:15     | Entered Level 15 of the Dungeon
 22534 | D:15     | Found a portal to a secret trove of treasure.
 22692 | D:15     | Noticed Sonja
 22713 | D:15     | Killed Sonja
 22854 | D:15     | Received a gift from Trog
 23042 | D:15     | Found a staircase to the Depths.
 23153 | D:15     | Noticed Rupert
 23165 | D:15     | Killed Rupert
 23165 | D:15     | Reached skill level 21 in Axes
 23498 | Spider:1 | Entered Level 1 of the Spider Nest
 24023 | Spider:1 | Killed a ghost moth
 24023 | Spider:1 | Reached XP level 16. HP: 131/156 MP: 0/15
 24033 | Spider:2 | Noticed Arachne
 24280 | Spider:1 | Noticed Aizul
 24295 | Spider:1 | Killed Aizul
 24469 | Spider:1 | Got a blackened ring mail
 24469 | Spider:1 | Got a dazzling ring mail
 24472 | Spider:1 | Identified the cursed +1 ring mail of the Farrier {Dex+2} (You found it on level 1 of the Spider Nest)
 24473 | Spider:1 | Identified the +6 ring mail "Deceaz" {Dex+2} (You found it on level 1 of the Spider Nest)
 24890 | Spider:2 | Killed Arachne
 25236 | Spider:2 | Received a gift from Trog
 26256 | Spider:4 | Entered Level 4 of the Spider Nest
 26617 | Spider:4 | Noticed cokecookie's ghost (adept MiBe)
 26626 | Spider:4 | Killed cokecookie's ghost
 27378 | Spider:4 | Reached skill level 22 in Axes
 27529 | Spider:4 | Reached XP level 17. HP: 166/167 MP: 1/16
 27554 | Spider:4 | HP: 5/168 [disintegration (34)]
 28087 | Spider:4 | Got a gossamer rune of Zot
 28795 | Shoals:1 | Entered Level 1 of the Shoals
 31760 | Shoals:3 | Found Reideps's Magic Scroll Shoppe.
 31902 | Shoals:4 | Entered Level 4 of the Shoals
 32389 | Shoals:4 | Noticed Ilsuiw
 32402 | Shoals:4 | Killed Ilsuiw
 33275 | Shoals:4 | Received a gift from Trog
 33321 | Shoals:4 | Got a warped plate armour
 33322 | Shoals:4 | Identified the +1 plate armour of the Queen {Str+2 Dex-3 Stlth+} (You acquired it on level 4 of the Shoals)
 33356 | Shoals:4 | Reached XP level 18. HP: 170/180 MP: 5/17
 33464 | Shoals:4 | Reached skill level 23 in Axes
 34127 | Shoals:4 | Got a barnacled rune of Zot
 35370 | Shoals:3 | Bought a scroll of enchant weapon for 97 gold pieces
 35545 | Slime:1  | Entered Level 1 of the Pits of Slime
 37168 | Slime:2  | Annihilated by a titanic slime creature

Skill      XL: |  1  2  3  4  5  6  7  8  9 10 11 12 13 14 15 16 17 18 |
---------------+-------------------------------------------------------+-----
Axes           | 4 5 6 7 8 10 12 14 16 17 19 20 21 22 23 | 23.5
Fighting       | 4 5 6 7 8 10 11 12 14 15 17 19 20 21 | 21.2
Armour         | 3 4 5 6 8 9 10 12 13 15 16 17 18 19 | 19.3
Dodging        | 3 4 5 6 7 |  7.7

Action                   |  1- 3 |  4- 6 |  7- 9 | 10-12 | 13-15 | 16-18 || total
-------------------------+-------+-------+-------+-------+-------+-------++-------
Melee: Hand axe          |    74 |    40 |       |       |       |       ||   114
       Headbutt          |    14 |    11 |    40 |    88 |   191 |   222 ||   566
       War axe           |       |    38 |   260 |   199 |       |       ||   497
       Unarmed           |       |       |     3 |       |       |       ||     3
       Battleaxe         |       |       |       |   218 |   564 |  1038 ||  1820
       Broad axe         |       |       |       |     5 |   332 |       ||   337
Invok: Berserk           |     1 |     3 |     7 |     5 |    19 |    14 ||    49
       Brothers in Arms  |       |       |       |     3 |    13 |    18 ||    34
       Trog's Hand       |       |       |       |       |     4 |     3 ||     7
       Burn Spellbooks   |       |       |       |       |     3 |     3 ||     6
 Abil: Evoke Flight      |       |       |       |       |     1 |     2 ||     3
Evoke: Wand              |       |       |       |       |       |     4 ||     4
  Use: Scroll            |     3 |       |       |    29 |    17 |    27 ||    76
       Potion            |       |       |       |     1 |       |    12 ||    13
 Stab: Confused          |       |       |     1 |       |       |       ||     1
       Distracted        |       |       |       |       |       |     1 ||     1
  Eat: Chunk             |       |     7 |    10 |    18 |    18 |    16 ||    69
       Ration            |       |       |     3 |     3 |    12 |    14 ||    32
Armor: Animal skin       |     3 |       |       |       |       |       ||     3
       Leather armour    |    10 |       |       |       |       |       ||    10
       Ring mail         |    11 |    17 |    72 |     4 |       |       ||   104
       Plate armour      |       |       |       |   196 |   580 |   854 ||  1630
Dodge: Dodged            |    50 |    41 |   174 |   185 |   357 |   571 ||  1378
Block: Buckler           |       |       |       |       |     1 |       ||     1
